 Dungeon Crawl Stone Soup version 0.22.0-6-g71bd7aa6b3 (webtiles) character file.

34 Jorund the Sneak (level 3, -3/21 HPs)
             Began as an Octopode Enchanter on Aug 16, 2018.
             Slain by a worm (12 damage)
             ... on level 2 of the Dungeon.
             The game lasted 00:01:36 (1208 turns).

Jorund the Sneak (Octopode Enchanter)               Turns: 1208, Time: 00:01:37

Health: -3/21      AC:  1    Str:  7    XL:     3   Next: 31%
Magic:  6/6        EV: 13    Int: 18    God:
Gold:   58         SH:  0    Dex: 12    Spells: 5/6 levels left

rFire    . . .     SeeInvis .   a - +1 dagger
rCold    . . .     Gourm    .   (no shield)
rNeg     . . .     Faith    .   (helmet restricted)
rPois    .         Spirit   .   (no amulet)
rElec    .         Reflect  .   (no ring)
rCorr    .         Harm     .   (no ring)
MR       .....                  (no ring)
Stlth    ++++......             (no ring)
HPRegen  0.07/turn              (no ring)
MPRegen  0.10/turn              (no ring)
                                (no ring)
                                (no ring)

@: no status effects
A: almost no armour, stealthy swim, amphibious, 8 rings, constrict 8, camouflage
1, gelatinous body 1
a: no special abilities


You were on level 2 of the Dungeon.
You were not hungry.

You visited 1 branch of the dungeon, and saw 2 of its levels.

You collected 58 gold pieces.

Inventory:

Hand Weapons
 a - a +1 dagger (weapon)
 f - a +0 spear
Missiles
 g - a throwing net (quivered)
 n - 5 poisoned needles
Wands
 m - a wand of iceblast (7)
Scrolls
 b - a scroll of remove curse {unknown}
 h - 3 scrolls of enchant armour {unknown}
 i - a scroll of identify {unknown}
 j - a scroll of amnesia {unknown}
Potions
 d - 3 potions of haste {unknown}
 e - a potion of might {unknown}
 k - 3 potions of curing {unknown}
 l - a potion of invisibility {unknown}
 o - a potion of flight {unknown}
Comestibles
 c - 3 rations


   Skills:
 + Level 1.6 Short Blades
 + Level 2.1 Dodging
 + Level 4.9 Stealth
 + Level 2.1 Spellcasting
 + Level 3.3 Hexes


You had 5 spell levels left.
You knew the following spells:

 Your Spells              Type           Power        Failure   Level  Hunger
a - Corona                Hex            ##.....      4%          1    #......

Your spell library contained the following spells:

 Spells                   Type           Power        Failure   Level  Hunger
 Confuse                  Hex            ##......     14%         3    ###....
 Tukima's Dance           Hex            ##......     14%         3    ###....
 Ensorcelled Hibernation  Hex/Ice        #.....       14%         2    ###....
 Dazzling Spray           Conj/Hex       #.....       26%         3    ###....


Dungeon Overview and Level Annotations

Branches:
Dungeon (2/15)

Altars:


Innate Abilities, Weirdness & Mutations

You cannot wear most types of armour.
You are very stealthy in the water. (Stealth+)
You are amphibious.
You can wear up to eight rings at the same time.
You can use your tentacles to constrict eight enemies at once.
Your skin changes colour to match your surroundings (Stealth+).
Your rubbery body absorbs attacks. (AC +1, EV +1)


Message History

You hit the giant cockroach.
The giant cockroach is heavily wounded.
You constrict the giant cockroach. The giant cockroach closely misses you.
You hit the giant cockroach.
You kill the giant cockroach!
The worm misses you.
You hit the worm but do no damage. You grab the worm. You constrict the worm.
Unknown command.
You hit the worm. You squeeze the worm.
The worm is moderately wounded.
You constrict the worm. The worm bites you!
You hit the worm.
The worm is heavily wounded.
You constrict the worm.
Unknown command.
You hit the worm.
The worm is severely wounded.
You constrict the worm. The worm bites you!
Ouch! That really hurt!
You die...

##... .......
##.... ...####
...% .......
#... ....###
#..# . #.. #..#
.. ##. # #.#
#.### #.##w#
##....
#..@†##+####>
......
#####..?.....
#####. #...)##..
#...#.
#.....#..##...#.
##.##.##........
#.# # ##.....
#.# #.....
#.##### ##....
#.....#####†...


You could see a worm.

Vanquished Creatures
  An adder (D:2)
  2 dart slugs (D:1)
  A giant cockroach (D:2)
  6 goblins
  3 hobgoblins
  2 bats (D:2)
  3 frilled lizards
  4 rats (D:1)
22 creatures vanquished.

Notes
Turn   | Place    | Note
-------+----------+-------------------------------------------
     0 | D:1      | Jorund the Octopode Enchanter began the quest for the Orb.
     0 | D:1      | Reached XP level 1. HP: 11/11 MP: 3/3
   189 | D:1      | Reached XP level 2. HP: 11/17 MP: 5/5
  1117 | D:2      | Reached XP level 3. HP: 21/21 MP: 6/6
  1208 | D:2      | Slain by a worm

Action                   || total
-------------------------++-------
Melee: Dagger            ||    44
       Constrict         ||     9
       Tentacles         ||     7
 Stab: Sleeping          ||    12
  Eat: Chunk             ||     1
Armor: Skin              ||     2
Dodge: Dodged            ||    22
